 Dungeon Crawl Stone Soup version 0.16.2-12-gd0ad4c3 (webtiles) character file.

4522 Kloppie the Fighter (level 10, -6/141 HPs)
             Began as a Minotaur Berserker on Oct 30, 2015.
             Was an Elder of Trog.
             Mangled by an orc warrior
             ... wielding a +0 trident
              (7 damage)
             ... in a bailey.
             The game lasted 00:18:48 (8239 turns).

Kloppie the Fighter (Minotaur Berserker)            Turns: 8239, Time: 00:18:49

Health: -6/141     AC: 18    Str: 27    XL:     10   Next: 17%
Magic:  4/4        EV: 11    Int:  4    God:    Trog [****..]
Gold:   513        SH:  0    Dex: 13    Spells: 0 memorised, 9 levels left

rFire  + . .     SeeInvis .     a - +0 halberd
rCold  . . .     Clarity  +     Y - +0 plate armour
rNeg   . . .     SustAb   .     (no shield)
rPois  .         Gourm    .     (helmet restricted)
rElec  .         Spirit   .     p - +1 cloak
rCorr  .         Warding  .     f - +1 pair of gloves
rMut   .         Stasis   .     (no boots)
MR     .....                    o - amulet of clarity
Stlth  ..........               z - +1 ring of slaying
                                H - ring of protection from fire

@: berserking (expiring), very quick, not resistant to hostile enchantments,
extremely unstealthy
A: retaliatory headbutt, horns 2
a: Burn Spellbooks, Berserk, Trog's Hand, Brothers in Arms, Renounce Religion


You were in a bailey.
You worshipped Trog.
Trog was greatly pleased with you.
You were not hungry.

You visited 1 branch of the dungeon, and saw 9 of its levels.
You also visited: Bailey.

You collected 513 gold pieces.

Inventory:

Hand weapons
 a - a +0 halberd (weapon)
 V - a +4 spear
 W - a +1 trident
Armour
 f - a +1 pair of gloves (worn)
 p - a +1 cloak (worn)
 Y - a +0 plate armour (worn)
Jewellery
 m - an uncursed ring of sustain abilities
 o - an amulet of clarity (around neck)
 z - a +1 ring of slaying (right hand)
 H - a ring of protection from fire (left hand)
Magical devices
 d - a wand of frost (18)
 y - a wand of frost (14)
 D - a wand of draining (9)
 F - a wand of paralysis (20)
 I - a wand of flame (27)
 Q - a wand of disintegration (6)
Scrolls
 e - 4 scrolls of blinking
 g - 3 scrolls of magic mapping
 s - a scroll of remove curse
 t - a scroll of enchant weapon
 G - a scroll of fear
 J - 3 scrolls of identify
 L - a scroll of recharging {unknown}
 S - a scroll of teleportation
Potions
 b - a potion of ambrosia
 h - 5 potions of heal wounds
 i - a potion of magic
 k - 7 potions of curing {unknown}
 q - 3 potions of brilliance
 u - 3 potions of poison
 x - a potion of lignification {unknown}
 A - 2 potions of resistance {unknown}
 B - 2 potions of restore abilities {unknown}
 C - 3 potions of cure mutation {unknown}
 E - 2 potions of agility {unknown}
 K - a potion of experience {unknown}
 M - a potion of mutation {unknown}
 R - 3 potions of berserk rage {unknown}
 U - a potion of haste {unknown}
 X - a potion of invisibility {unknown}
Books
 v - a book of Power

   Spells                             Type                      Level
   a - Fulminant Prism                Conjuration/Hexes            4
   b - Iskenderun's Mystic Blast      Conjuration                  4
   c - Venom Bolt                     Conjuration/Poison           5
   d - Bolt of Magma                  Conjuration/Fire/Earth       5
   e - Iron Shot                      Conjuration/Earth            6
   f - Orb of Destruction             Conjuration                  7
   g - Spellforged Servitor           Conjuration/Summoning        7
   Trog disapproves of the use of such an item.
 N - a Necronomicon {highlevel, unknown}

   This book is beyond your current level of understanding.

   Spells                             Type                      Level
   a - Haunt                          Necromancy/Summoning         7
   b - Borgnjor's Revivification      Necromancy                   8
   c - Death's Door                   Charms/Necromancy            8
   d - Necromutation                  Transmutation/Necromancy     8
   Trog disapproves of the use of such an item.
Comestibles
 c - 9 bread rations
 l - 6 meat rations
 n - 4 slices of pizza
 w - 2 beef jerkies
 O - a royal jelly
 P - 10 fruits
 T - 12 chunks of flesh


   Skills:
 - Level 10.3 Fighting
 - Level 10.1 Polearms
 + Level 8.5 Armour
 + Level 7.7 Dodging


You had 9 spell levels left.
You didn't know any spells.

Dungeon Overview and Level Annotations

Branches:
Dungeon (9/15)             Temple (0/1) D:6
   Lair: D:8-11         Orc: D:9-12

Altars:
Ashenzari
Cheibriados
Dithmenos
Elyvilon
Fedhas
Gozag
Kikubaaqudgha
Nemelex Xobeh
Ru
Sif Muna
Vehumet
The Shining One


Innate Abilities, Weirdness & Mutations

You reflexively headbutt those who attack you in melee.
You have a pair of horns on your head.


Message History

The orc warrior is lightly wounded.
The orc warrior hits you but does no damage.
The orc warrior misses you.
You slice the orc warrior!! You headbutt the orc warrior.
You feel the power of Trog in you as your rage grows.
You kill the orc warrior!
Trog accepts your kill.
The orc hits you from afar with a trident.
* * * LOW HITPOINT WARNING * * *
The orc closely misses you.
The orc warrior hits you but does no damage.
Things that are here:
a glaive; a plate armour; a trident Your plate armour prevents you from hitting the orc.
The orc hits you but does no damage. x2
The orc barely misses you.
The orc warrior hits you with a glaive!!
* * * LOW HITPOINT WARNING * * *
The orc warrior hits you with a trident!
You die...

#.......#
##.....##
###'###
#.).#
#)"[#
#...#
#...#
###'###
##.)@o.##
#.oooo..#
#..o....#
#.......#
#.......#
#.......#
##.....##
##'''##
#.....#


You could see 2 orc warriors and 4 orcs.

Vanquished Creatures
  The ghost of Woxaris the Cleaver, an experienced MiBe of Trog (D:7)
  A troll (D:9)
  A two-headed ogre (D:8)
  A shadow (D:7)
  A hippogriff (D:7)
  2 ice beasts
  8 orc warriors
  A sky beast (D:7)
  A phantom (D:6)
  5 ogres
  2 centaurs
  2 big kobolds (D:7)
  Blork the orc (D:9)
  2 giant frogs
  2 scorpions
  3 killer bees (D:8)
  A wyvern skeleton (D:7)
  A crimson imp (D:8)
  A giant frog zombie (D:8)
  A goliath beetle (D:6)
  2 jellies (D:8)
  A centaur skeleton (D:7)
  3 hounds
  7 worker ants
  A giant frog skeleton (D:4)
  Natasha (thrice) (D:4)
  5 orc wizards
  7 adders
  A white imp (D:4)
  3 worms (D:2)
  An adder skeleton (D:4)
  2 adder zombies
  7 giant geckos
  An ooze (D:6)
  45 orcs
  3 ball pythons
  10 bats
  3 bat skeletons
  4 giant cockroaches
  13 goblins
  18 hobgoblins
  17 jackals
  4 quokkas
  4 giant newts
  A giant spore (D:7)
  A jackal skeleton (D:5)
  20 kobolds
  A quokka skeleton (D:6)
  13 rats
239 creatures vanquished.

Vanquished Creatures (others)
  A ballistomycete (D:7)
1 creature vanquished.

Grand Total: 240 creatures vanquished

Notes
Turn   | Place    | Note
--------------------------------------------------------------
     0 | D:1      | Kloppie, the Minotaur Berserker, began the quest for the Orb.
     0 | D:1      | Reached XP level 1. HP: 19/19 MP: 1/1
   260 | D:1      | Reached skill level 4 in Fighting
   311 | D:1      | Reached XP level 2. HP: 27/27 MP: 1/1
  1256 | D:2      | Reached XP level 3. HP: 34/34 MP: 2/2
  1412 | D:2      | Acquired Trog's second power
  1598 | D:2      | Found an ancient bone altar of Kikubaaqudgha.
  1787 | D:2      | Found a sparkling altar of Nemelex Xobeh.
  1846 | D:2      | Reached XP level 4. HP: 41/41 MP: 2/2
  1944 | D:2      | Reached skill level 5 in Fighting
  1980 | D:2      | Reached skill level 5 in Polearms
  2130 | D:2      | You fall through a shaft for 2 floors!
  2143 | D:3      | Found a white marble altar of Elyvilon.
  2278 | D:3      | Found a snail-covered altar of Cheibriados.
  2380 | D:3      | Found a shadowy altar of Dithmenos.
  3016 | D:3      | Reached XP level 5. HP: 39/49 MP: 2/2
  3287 | D:4      | Reached skill level 6 in Fighting
  3291 | D:4      | Noticed Natasha
  3296 | D:4      | Killed Natasha
  3334 | D:4      | Reached XP level 6. HP: 56/58 MP: 3/3
  3466 | D:4      | Noticed Natasha
  3481 | D:4      | Killed Natasha
  3701 | D:4      | Noticed Natasha
  3705 | D:4      | Killed Natasha
  4061 | D:5      | Entered Level 5 of the Dungeon
  4191 | D:5      | Reached skill level 7 in Fighting
  4201 | D:5      | Found a blossoming altar of Fedhas.
  4380 | D:5      | Reached XP level 7. HP: 44/66 MP: 3/3
  4753 | D:6      | Found a radiant altar of Vehumet.
  4910 | D:6      | Reached skill level 8 in Fighting
  5054 | D:6      | Found a staircase to the Ecumenical Temple.
  5293 | D:6      | Reached XP level 8. HP: 35/77 MP: 3/3
  5413 | D:6      | Reached skill level 9 in Fighting
  5606 | D:7      | Noticed Woxaris' ghost (experienced MiBe)
  5625 | D:7      | Killed Woxaris' ghost
  5625 | D:7      | Reached skill level 10 in Fighting
  5625 | D:7      | Reached skill level 10 in Polearms
  5745 | D:7      | Reached XP level 9. HP: 86/86 MP: 4/4
  5786 | D:7      | Found an opulent altar of Gozag.
  5899 | D:7      | Acquired Trog's third power
  6405 | D:7      | Reached skill level 5 in Armour
  6405 | D:7      | Reached skill level 5 in Dodging
  6617 | D:8      | Found a shattered altar of Ashenzari.
  6817 | D:8      | HP: 4/129 [something (3)]
  6823 | D:8      | HP: 3/86 [poisoned by a kobold]
  6830 | D:8      | HP: 2/86 [poisoned by a kobold]
  6835 | D:8      | HP: 2/86 [poisoned by a kobold]
  7089 | D:8      | Found a glowing golden altar of the Shining One.
  7102 | D:8      | Found a sacrificial altar of Ru.
  7673 | D:9      | Found a deep blue altar of Sif Muna.
  7698 | D:9      | Noticed Blork the orc
  7707 | D:9      | Killed Blork the orc
  7707 | D:9      | Reached XP level 10. HP: 53/94 MP: 4/4
  7726 | D:9      | Found a flagged portal.
  7747 | Bailey   | Entered a bailey
  8239 | Bailey   | HP: 1/141 [orc warrior/glaive (18)]
  8239 | Bailey   | Mangled by an orc warrior

Action                   |  1- 3 |  4- 6 |  7- 9 | 10-12 || total
-------------------------+-------+-------+-------+-------++-------
Melee: Spear             |   128 |    44 |       |       ||   172
       Trident           |       |   149 |   372 |    37 ||   558
       Halberd           |       |       |       |    47 ||    47
Invok: Berserk           |       |     1 |     3 |     3 ||     7
       Trog's Hand       |       |     1 |     2 |     3 ||     6
Evoke: Wand              |       |       |     1 |       ||     1
  Use: Scroll            |       |    14 |       |     3 ||    17
       Potion            |       |       |     1 |       ||     1
 Stab: Distracted        |       |       |     1 |       ||     1
  Eat: Chunk             |     3 |     9 |    14 |     5 ||    31
